 Dungeon Crawl Stone Soup version 0.20-a0-785-g17250f0 (webtiles) character file.

359 Gorice the Carver (level 6, 0/47 HPs)
             Began as a Barachian Monk on Feb 27, 2017.
             Slain by a killer bee (4 damage)
             ... on level 4 of the Dungeon.
             The game lasted 00:13:46 (4127 turns).

Gorice the Carver (Barachian Monk)                  Turns: 4127, Time: 00:13:48

Health: 0/47       AC:  9    Str: 14    XL:     6   Next: 65%
Magic:  6/6        EV:  7    Int: 10    God:
Gold:   183        SH:  0    Dex: 15    Spells: 5/5 levels left

rFire    + . .     SeeInvis .   a - +1 falchion
rCold    + . .     Gourm    .   g - +0 chain mail
rNeg     . . .     Faith    .   (no shield)
rPois    +         Spirit   .   h - +0 helmet
rElec    +         Reflect  .   (no cloak)
rCorr    +         Harm     .   (no gloves)
MR       .....                  (no boots)
Stlth    ..........             (no amulet)
Regen    0.2/turn               (no ring)
MPRegen  0.1/turn               (no ring)

@: lethally poisoned (0 -> -12), resistant, can't hop, slow
A: +LOS, swims, slowness 1, strong legs 1
a: Hop


You were on level 4 of the Dungeon.
You were not hungry.

You visited 1 branch of the dungeon, and saw 4 of its levels.

You collected 183 gold pieces.

Inventory:

Hand Weapons
 a - a +1 falchion (weapon)
 b - a +0 hunting sling
Missiles
 Z - 139 stones (quivered)
Armour
 g - a +0 chain mail (worn)
 h - a +0 helmet (worn)
 m - a +1 ring mail
 s - a +0 robe
 x - a +1 hat
Wands
 e - a wand of random effects (38/48)
 v - a wand of confusion (9/48)
Scrolls
 d - a scroll of remove curse
 y - a scroll of enchant armour
 A - 2 scrolls of recharging {unknown}
Potions
 j - 2 potions of ambrosia
 k - 2 potions of might {!q}
 o - 2 potions of curing {unknown}
 q - a potion of degeneration {unknown}
 r - a potion of lignification {unknown}
 t - a potion of haste {unknown}
 w - a potion of cancellation {unknown}
Comestibles
 c - 2 bread rations {!e}
 i - 5 fruits
 n - a royal jelly
 p - a meat ration {!e}


   Skills:
 - Level 3.6 Fighting
 * Level 8.4 Long Blades
 + Level 1.7 Armour
 - Level 3.2 Dodging
 - Level 1.7 Stealth


You had 5 spell levels left.
You didn't know any spells.

Dungeon Overview and Level Annotations

Branches:
Dungeon (4/15)
 Temple: D:4-7

Altars:
Dithmenos
Yredelemnul

Annotations:
D:4 Gorice's ghost, amateur BaMo


Innate Abilities, Weirdness & Mutations

Shadows flee at your approach. (+LOS)
You can swim through water.
You cover ground slowly.
You can hop short distances.


Message History

The killer bee stings you but does no damage.
The killer bee stings you.
* * * LOW HITPOINT WARNING * * *
Damage: 9 (max 10) Unknown command.
You are confused.
You feel invigorated.
* * * LOW HITPOINT WARNING * * *
You feel sick.
The killer bee stings you but does no damage.
The killer bee stings you.
* * * LOW HITPOINT WARNING * * *
The killer bee stings you but does no damage.
The killer bee closely misses you.
Damage: 1 (max 10)
* * * LOW HITPOINT WARNING * * *
You feel sick. The killer bee barely misses you.
The killer bee completely misses you. The killer bee closely misses you.
The killer bee stings you but does no damage.
All of the chunks of flesh in your inventory have rotted away.
Unknown command.
Unknown command.
Unknown command.
Unknown command.
Unknown command.
Unknown command.
You're too confused!
* * * LOW HITPOINT WARNING * * *
You feel sick. The killer bee stings you.
* * * LOW HITPOINT WARNING * * *
The killer bee stings you.
* * * LOW HITPOINT WARNING * * *
Damage: 2 (max 10) Unknown command.
* * * LOW HITPOINT WARNING * * *
You feel sick.
Gorice's ghost turns its malevolent gaze towards you.
The killer bee stings you.
* * * LOW HITPOINT WARNING * * *
The killer bee stings you but does no damage.
The killer bee closely misses you.
Damage: 1 (max 10) Unknown command.
You feel less invigorated.
You feel less confused.
* * * LOW HITPOINT WARNING * * *
You feel sick.
The killer bee stings you but does no damage.
The killer bee stings you.
You die...

...........................##
..#.........................###
.###..........................##
...##..........................#
#..............................#
#...###........................#
##.## ###...........<..........#
##.# #......yy........####..#
#..# #........@..#......# ##.#
#..# ##...................####.#
#..###......................####
............##.....#######.#..#
#....######........### #..#.#
#..## ##..........####...#
#...####...W..............# .
##...##...................#
..####........................#


You could see 2 killer bees and Gorice's ghost.

Vanquished Creatures
  A scorpion (D:4)
  A killer bee (D:4)
  A jelly (D:4)
  A bullfrog skeleton (D:4)
  An orc wizard (D:3)
  A worker ant (D:4)
  Robin (D:2)
  5 adders
  2 oozes
  An adder skeleton (D:4)
  A dart slug (D:1)
  5 leopard geckos
  8 orcs
  8 bats
  5 giant cockroaches
  2 gnoll zombies (D:2)
  14 goblins
  9 hobgoblins
  5 frilled lizards
  5 kobolds
  3 rats
80 creatures vanquished.

Notes
Turn   | Place    | Note
-------+----------+-------------------------------------------
     0 | D:1      | Gorice the Barachian Monk began the quest for the Orb.
     0 | D:1      | Reached XP level 1. HP: 18/18 MP: 1/1
   256 | D:1      | Reached skill level 4 in Long Blades
   264 | D:1      | Reached XP level 2. HP: 20/24 MP: 2/2
   774 | D:1      | Reached XP level 3. HP: 25/29 MP: 3/3
   804 | D:1      | Reached skill level 5 in Long Blades
   840 | D:2      | Noticed Robin
  1255 | D:2      | Killed Robin
  1389 | D:2      | Reached XP level 4. HP: 33/36 MP: 4/4
  1599 | D:2      | Reached skill level 6 in Long Blades
  1898 | D:2      | Found a basalt altar of Yredelemnul.
  2409 | D:3      | Reached XP level 5. HP: 29/41 MP: 5/5
  2544 | D:3      | Reached skill level 7 in Long Blades
  3179 | D:4      | Reached XP level 6. HP: 26/47 MP: 6/6
  3434 | D:4      | Found a shadowy altar of Dithmenos.
  3461 | D:4      | Reached skill level 8 in Long Blades
  3461 | D:4      | Reached skill level 1 in Armour
  3938 | D:4      | Noticed Gorice's ghost (amateur BaMo)
  4114 | D:4      | HP: 14/47 [killer bee (4)]
  4121 | D:4      | HP: 11/47 [killer bee (7)]
  4122 | D:4      | HP: 2/47 [killer bee (4)]
  4127 | D:4      | HP: 4/47 [poisoned by a killer bee]
  4127 | D:4      | Slain by a killer bee

Vault maps used:
D:1:      minmay_arrival_four_houses, minmay_hedge_maze
D:2:      lemuel_zombie_altar_yredelemnul, first_bread, uniq_robin
D:4:      old_standard_altar, led_sif_book

Skill      XL: |  1  2  3  4  5  6 |
---------------+-------------------+-----
Long Blades    | 4 5 6 7 8 |  8.4
Armour         | 1 |  1.7
Fighting       | |  3.6
Dodging        | |  3.2
Stealth        | |  1.7

Action                   |  1- 3 |  4- 6 || total
-------------------------+-------+-------++-------
Melee: Falchion          |   123 |   150 ||   273
 Fire: Hunting sling     |       |    51 ||    51
Throw: Stone             |     4 |       ||     4
 Abil: Hop               |       |     1 ||     1
  Use: Scroll            |     9 |     5 ||    14
       Potion            |       |     3 ||     3
 Stab: Sleeping          |     2 |       ||     2
  Eat: Chunk             |     2 |     8 ||    10
       Royal jelly       |       |     1 ||     1
Armor: Robe              |     4 |       ||     4
       Ring mail         |    47 |    34 ||    81
       Chain mail        |       |    53 ||    53
Dodge: Dodged            |    87 |    88 ||   175
       Rpst.: Falchion   |    25 |    28 ||    53

Table legend:
 A = Turns spent in this place as a percentage of turns spent in the entire game.
 B = Non-inter-level travel turns spent in this place as a percentage of non-inter-level travel turns spent in the entire game.
 C = Inter-level travel turns spent in this place as a percentage of turns spent in this place.
 D = Turns resting spent in this place as a percentage of non-inter-level travel turns spent in this place.
 E = Turns spent auto-exploring this place as a percentage of non-inter-level travel turns spent in this place.
 F = Non-inter-level travel turns spent in this place divided by the number of levels of this place that you've seen.
                   A       B       C       D       E      F
               +-------+-------+-------+-------+-------+----------------------
         Total | 100.0 | 100.0 |   0.5 |   2.8 |   5.9 | 328.8
       Dungeon | 100.0 | 100.0 |   0.5 |   2.8 |   5.9 | 328.8
               +-------+-------+-------+-------+-------+----------------------

Vault maps used:
D:1:      minmay_arrival_four_houses, minmay_hedge_maze
D:2:      lemuel_zombie_altar_yredelemnul, first_bread, uniq_robin
D:4:      old_standard_altar, led_sif_book
